 Dungeon Crawl Stone Soup version 0.29-a0-474-gdfe5cd140f (webtiles) character file.

Game seed: 17334120960977928001

7114 ders the Thaumaturge (level 11, -6/65 HPs)
             Began as a Djinni Conjurer on May 23, 2022.
             Was a Follower of Ashenzari.
             Killed by an exploding fulminant prism (50 damage)
             ... on level 9 of the Dungeon.
             The game lasted 00:12:54 (10794 turns).

ders the Thaumaturge (Djinni Conjurer)             Turns: 10794, Time: 00:12:55

Health: -6/65      AC:  6    Str:  6    XL:     11   Next: 31%
Gold:   314        EV: 12    Int: 23    God:    Ashenzari [*.....] SH:  5 Dex: 13

rFire   + + +      SeeInvis .   (no weapon)
rCold   + . .      Faith    .   M - +2 buckler {AC+3}
rNeg    . . .      Spirit   .   a - +0 robe
rPois   ∞          Reflect  .   C - +1 hat
rElec   .          Harm     .   x - scarf of Ashenzari's Stickiness {rC+ rF+, Fort, Self} (curse)
rCorr   +          Rampage  .   (no gloves)
Will    +....                   (boots unavailable)
Stlth   ++........              (no amulet)
HPRegen 0.20/turn               A - ring of resist corrosion
MPRegen 0.00/turn               v - ring "Bound Flawed Execution" {rC+, Cun, Self} (curse)

@: flying
A: sickness immunity, fire resistance 2, cold vulnerability 1, float, innate
caster, HP casting, extra vitality 1
a: Renounce Religion, Curse Item, Shatter the Chains


You were on level 9 of the Dungeon.
You worshipped Ashenzari.
Ashenzari was aware of your devotion.
You visited 2 branches of the dungeon, and saw 10 of its levels.

You collected 470 gold pieces.
You spent 156 gold pieces at shops.

Inventory:

Armour
 a - a +0 robe (worn)
 x - the cursed scarf of Ashenzari's Stickiness (worn) {rC+ rF+, Fort, Self}
   (You found it on level 4 of the Dungeon)

   It has a curse which improves the following skills: Fortitude: Armour and
   Shields.
   Introspection: Fighting and Spellcasting.
 C - a +1 hat (worn)
 F - +0 swamp dragon scales
 M - a +2 buckler of protection (worn)
Jewellery
 o - a ring of positive energy
 v - the cursed ring "Bound Flawed Execution" (right hand) {rC+, Cun, Self}
   (You found it on level 4 of the Dungeon)

   [ring of protection from cold]

   rC:        It protects you from cold.
   It has a curse which improves the following skills: Cunning: Dodging and
   Stealth.
   Introspection: Fighting and Spellcasting.
 A - a ring of resist corrosion (left hand)
 L - a ring of see invisible
Wands
 B - a wand of iceblast (25)
 H - a wand of acid (8)
 K - a wand of paralysis (6)
 N - a wand of flame (22)
Scrolls
 c - 4 scrolls of teleportation
 d - 2 scrolls of silence
 f - 2 scrolls of fog
 g - 3 scrolls of fear
 j - 3 scrolls of immolation
 k - 2 scrolls of enchant armour
 l - a scroll of brand weapon
 m - a scroll of summoning
 n - 9 scrolls of identify
 q - 5 scrolls of amnesia
 s - a scroll of poison
 u - 3 scrolls of noise
 y - a scroll of blinking
Potions
 b - 3 potions of curing
 e - 4 potions of berserk rage
 h - 3 potions of mutation
 i - 3 potions of haste
 p - 2 potions of flight
 r - a potion of lignification
 t - a potion of invisibility
 w - a potion of attraction
 z - 4 potions of heal wounds
 D - a potion of might
 E - a potion of resistance
 G - a potion of cancellation
 I - a potion of ambrosia
 J - a potion of brilliance


   Skills:
 - Level 2.1(2.8) Dodging
 - Level 1.5(2.2) Stealth
 + Level 13.2(14.5) Spellcasting


You had 11 spell levels left.
You knew the following spells:

 Your Spells              Type           Power      Damage    Failure   Level
a - Foxfire               Conj/Fire      100%       2x1d9     0%          1
b - Ice Form              Ice/Tmut       70%        N/A       1%          4
c - Dazzling Flash        Conj/Hex       100%       N/A       1%          3
d - Fulminant Prism       Conj/Hex       35%        3d18      1%          4
e - Iskenderun's Mystic   Conj/Tloc      70%        2d14      1%          4
f - Searing Ray           Conj           100%       2d8       1%          2
g - Blink                 Tloc           100%       N/A       1%          2
h - Magic Dart            Conj           100%       1d8       0%          1
i - Ozocubu's Armour      Ice            70%        N/A       1%          3
j - Passage of Golubria   Tloc           70%        N/A       1%          4
Your spell library was empty.

Dungeon Overview and Level Annotations

Branches:
Dungeon (9/15)             Temple (1/1) D:7             Orc (0/2) D:9
   Lair: D:8-11

Altars:
Ashenzari
Cheibriados
Dithmenos
Kikubaaqudgha
Okawaru
Qazlal
Ru
Sif Muna
Uskayaw
Wu Jian
Xom
Zin

Shops:
D:4 ?   D:5 *

Annotations:
D:7 1 runed translucent door, Taurus's ghost, novice MiFi


Innate Abilities, Weirdness & Mutations

You are immune to sickness and miasma.
You are immune to poison.
Your flesh is very heat resistant. (rF++)
You are vulnerable to cold. (rC-)
You float through the air rather than walking.
You learn spells naturally, not from books.
Your magical power is your life essence.
You have superior vitality. (+4 MHP)


Message History

You conjure a prism of explosive energy!
A fulminant prism comes into view.
Dolemite99's ghost hits your fulminant prism.
Dolemite99's ghost hits your fulminant prism!
Your fulminant prism crackles loudly.
Dolemite99's ghost hits your fulminant prism!
Your fulminant prism explodes!
The blast of energy engulfs dolemite99's ghost!!
Dolemite99's ghost is heavily damaged.
Casting: Fulminant Prism (safe; 1% risk of failure)
Confirm with . or Enter, or press ? or * to list all spells.
Aiming: Fulminant Prism (safe; 1% risk of failure)
Press: ? - help, Dir - move target You conjure a prism of explosive energy!
A fulminant prism comes into view.
Your fulminant prism crackles loudly.
Your fulminant prism explodes!
The blast of energy engulfs dolemite99's ghost!!
Dolemite99's ghost is severely damaged.
Casting: Fulminant Prism (safe; 1% risk of failure)
Confirm with . or Enter, or press ? or * to list all spells.
You erupt in a blast of force!
The mystic blast hits dolemite99's ghost!!
Dolemite99's ghost is almost destroyed.
Dolemite99's ghost is knocked back by the mystic blast.
Casting: Iskenderun's Mystic Blast (safe; 1% risk of failure)
Confirm with . or Enter, or press ? or * to list all spells.
Aiming: Fulminant Prism (safe; 1% risk of failure)
Press: ? - help, Dir - move target You conjure a prism of explosive energy!
A fulminant prism comes into view.
Dolemite99's ghost hits your fulminant prism!
Dolemite99's ghost hits something.
You hear a loud crackle.
Your fulminant prism explodes!
The blast of energy engulfs dolemite99's ghost!!
You destroy dolemite99's ghost!
The blast of energy engulfs you!!!
Ouch! That really hurt!
You die...

#..#(..(.# #..#...!.#
##..'.8...####
#...'....(#..##
#...'..(..#...### #
#...#(...(#.....####
#...#.....#####.....
#.#.#############...
#..@...#....÷......)
###.......###...)...
#....##.####....##
#<...##.##...###..
####....##.#..####...
#......#.....####....
#......#.#.###.......
#........#.##........
#..............<.....


There were no monsters in sight!

Vanquished Creatures
  A two-headed ogre (D:9)
  The ghost of dolemite99 the Basher, a novice MiFi of Xom (D:9)
  A slime creature (D:9)
  Pikel (D:8)
  Maggie (D:7)
  2 hornets
  Prince Ribbit (D:6)
  A shadow (D:9)
  A wyvern (D:9)
  Eustachio (D:6)
  6 yaks
  A steam dragon (D:9)
  Duvessa (D:7)
  4 water moccasins
  4 orc warriors
  3 sky beasts
  An ice beast (D:6)
  3 centaurs
  An ogre (D:7)
  2 lemures (D:8)
  A phantom (D:6)
  2 kobold brigands
  3 necrophages
  2 scorpions
  8 wights (D:7)
  Dowan (D:7)
  3 hounds
  A jelly (Temple)
  2 gnoll shamans
  3 orc priests (D:8)
  3 iguanas
  4 orc wizards
  7 gnolls
  2 river rats (D:6)
  9 adders
  A white imp (D:8)
  3 dart slugs
  17 orcs
  3 bats
  10 endoplasms
  5 giant cockroaches
  2 goblins
  7 hobgoblins
  8 kobolds
  6 quokkas
  6 ball pythons
  5 frilled lizards
  4 rats
  A fulminant prism (D:8)
166 creatures vanquished.

Vanquished Creatures (others)
  311 foxfires
  51 fulminant prisms
  A plant (D:6)
363 creatures vanquished.

Grand Total: 529 creatures vanquished

Notes
Turn   | Place    | Note
-------+----------+-------------------------------------------
     0 | D:1      | ders the Djinni Conjurer began the quest for the Orb.
     0 | D:1      | Reached XP level 1. HP: 15/15 MP: 0/0
   182 | D:1      | Reached XP level 2. HP: 19/21 MP: 0/0
  1137 | D:1      | Reached XP level 3. HP: 20/25 MP: 0/0
  1137 | D:1      | Learned a level 1 spell: Foxfire
  1457 | D:2      | Reached skill level 4 in Spellcasting
  2079 | D:2      | Reached XP level 4. HP: 30/31 MP: 0/0
  2510 | D:3      | Found a broken altar of Ashenzari.
  2555 | D:3      | Found a glowing silver altar of Zin.
  2558 | D:3      | Became a worshipper of Ashenzari the Shackled
  2562 | D:3      | Found a sacrificial altar of Ru.
  2562 | D:3      | Found a snail-covered altar of Cheibriados.
  2569 | D:3      | Found an ornate altar of the Wu Jian Council.
  2579 | D:3      | Found an iron altar of Okawaru.
  2966 | D:3      | Found a faded altar of an unknown god.
  3389 | D:4      | Noticed a kobold brigand
  3397 | D:4      | Killed a kobold brigand
  3398 | D:4      | Reached skill level 5 in Spellcasting
  3398 | D:4      | Reached XP level 5. HP: 11/35 MP: 0/0
  3398 | D:4      | Learned a level 2 spell: Blink
  3811 | D:4      | Reached XP level 6. HP: 37/40 MP: 0/0
  4187 | D:4      | Found Durynar's Magic Scroll Shop.
  4208 | D:4      | Bought a scroll of blinking for 90 gold pieces
  4208 | D:4      | Bought a scroll of teleportation for 36 gold pieces
  4346 | D:5      | Entered Level 5 of the Dungeon
  4480 | D:5      | Reached skill level 6 in Spellcasting
  4480 | D:5      | Reached XP level 7. HP: 27/45 MP: 0/0
  4480 | D:5      | Learned a level 3 spell: Ozocubu's Armour
  4911 | D:5      | Reached * piety under Ashenzari
  5036 | D:5      | Found Hapita's General Store.
  5047 | D:5      | Bought a scroll of teleportation for 30 gold pieces
  5450 | D:6      | Reached skill level 7 in Spellcasting
  5628 | D:6      | Noticed Prince Ribbit
  5631 | D:6      | Killed Prince Ribbit
  5632 | D:6      | Reached XP level 8. HP: 37/50 MP: 0/0
  5765 | D:6      | Noticed Eustachio
  5773 | D:6      | Killed Eustachio
  5774 | D:6      | Reached skill level 8 in Spellcasting
  6467 | D:6      | Reached XP level 9. HP: 38/55 MP: 0/0
  6467 | D:6      | Learned a level 4 spell: Ice Form
  6611 | D:6      | Identified the cursed scarf of Ashenzari's Stickiness {rC+
                  | rF+, Fort, Self} (You found it on level 4 of the Dungeon)
  6864 | D:7      | Reached skill level 9 in Spellcasting
  6953 | D:7      | Noticed a hornet
  6966 | D:7      | Killed a hornet
  7069 | D:7      | Noticed Maggie
  7086 | D:7      | Killed Maggie
  7087 | D:7      | Reached skill level 10 in Spellcasting
  7095 | D:7      | Found a staircase to the Ecumenical Temple.
  7104 | Temple   | Entered the Ecumenical Temple
  7496 | D:7      | Found a runed translucent door.
  7527 | D:7      | Noticed Duvessa
  7527 | D:7      | Noticed Dowan
  7531 | D:7      | Killed Duvessa
  7531 | D:7      | Killed Dowan
  7611 | D:7      | Found a shimmering altar of Xom.
  7611 | D:7      | Noticed Taurus's ghost (novice MiFi)
  7617 | D:7      | Noticed a +6 rapier of chaos
  7621 | D:7      | Reached XP level 10. HP: 56/60 MP: 0/0
  7955 | D:8      | Reached skill level 11 in Spellcasting
  8450 | D:8      | Noticed Pikel
  8457 | D:8      | Killed Pikel
  8879 | D:8      | Found a stormy altar of Qazlal.
  8879 | D:8      | Found a shadowy altar of Dithmenos.
  8935 | D:8      | Reached skill level 12 in Spellcasting
  9581 | D:9      | Noticed a two-headed ogre
  9589 | D:9      | Killed a two-headed ogre
  9734 | D:9      | Found a staircase to the Orcish Mines.
  9763 | D:9      | Reached XP level 11. HP: 65/65 MP: 0/0
  9763 | D:9      | Learned a level 4 spell: Passage of Golubria
 10014 | D:9      | Found a hide-covered altar of Uskayaw.
 10406 | D:9      | Reached skill level 13 in Spellcasting
 10655 | D:9      | Found a runed translucent gate.
 10656 | D:9      | Found a runed translucent gate.
 10657 | D:9      | Found a runed translucent gate.
 10658 | D:9      | Noticed dolemite99's ghost (novice MiFi)
 10794 | D:9      | Killed dolemite99's ghost
 10794 | D:9      | Killed by an exploding fulminant prism

Illustrated notes

Levels and vault maps discovered:
D:1:      lightli_arrival_boilingwater, layout_basic
D:2:      layout_basic, minmay_misc_feat_four_crosses,
          kennysheep_decorative_pillar
D:3:      layout_loops_cross, nicolae_overflow_hallway_of_the_gods,
          hellmonk_ecumenical_altar_lost_god, minmay_crystal_room
D:4:      nicolae_BIG_FREAKIN_CUBE, layout_cave_pools, serial_shops,
          nicolae_shop_crystal
D:5:      layout_cave_pools, serial_shops, nicolae_shop_window_shopping,
          item_on_display_a
D:6:      kennysheep_big_flooded_room, layout_basic, gup_sewer_entry_spiral,
          serial_bayou_pond_d, uniq_prince_ribbit1, uniq_eustachio
D:7:      layout_rooms, minmay_temple_entry_slanted, ebering_ghost_xom,
          uniq_duvessa, uniq_maggie
D:8:      layout_basic, amethyst_overflow_temple_binary, uniq_pikel
D:9:      layout_rooms, gammafunk_temple_overflow_wave, orc_0_dummy,
          ebering_ghost_rock_garden
Temple:   cyrus_temple_forest

Skill      XL: |  1  2  3  4  5  6  7  8  9 10 11 |
---------------+----------------------------------+-----
Spellcasting   | 4 5 6 7 8 10 12 13 | 13.2
Dodging        | |  2.1
Stealth        | |  1.5

Action                   |  1- 3 |  4- 6 |  7- 9 | 10-12 || total
-------------------------+-------+-------+-------+-------++-------
Melee: Unarmed           |       |       |     7 |       ||     7
 Cast: Magic Dart        |    30 |     4 |       |       ||    34
       Foxfire           |    41 |    87 |    34 |    40 ||   202
       Iskenderun's Myst |       |     3 |    37 |    28 ||    68
       Fulminant Prism   |       |     4 |    14 |    34 ||    52
       Ozocubu's Armour  |       |       |    12 |       ||    12
       Ice Form          |       |       |     6 |    15 ||    21
       Passage of Golubr |       |       |       |     2 ||     2
Invok: Curse Item        |       |     1 |     1 |       ||     2
  Use: Scroll            |       |       |     1 |       ||     1
       Potion            |       |       |       |     1 ||     1
Armor: Robe              |       |     1 |     8 |       ||     9
       Skin              |       |       |     3 |     7 ||    10
Dodge: Dodged            |       |    12 |    17 |    10 ||    39

Table legend: (Time is in decaauts)
 A = Elapsed time spent in this place.
 B = Non-inter-level travel time spent in this place.
 C = Inter-level travel time spent in this place.
 D = Time resting spent in this place.
 E = Time spent auto-exploring this place.
 F = Levels seen in this place.
 G = Mean time per level.
                   A        B        C        D        E       F      G
               +--------+--------+--------+--------+--------+-----+--------+
         Total |  10792 |  10332 |    460 |   2279 |   6851 |  10 | 1079.2 |
       Dungeon |  10502 |  10042 |    460 |   1996 |   6851 |   9 | 1166.9 |
        Temple |    290 |    290 |      0 |    283 |      0 |   1 |  290.0 |
               +--------+--------+--------+--------+--------+-----+--------+

Top non-repeatable levels by time:
     D:8: 1506 daAuts
     D:6: 1427 daAuts
     D:2: 1264 daAuts
     D:1: 1226 daAuts
     D:9: 1212 daAuts
     D:5: 1014 daAuts
     D:4: 1008 daAuts
     D:7: 997 daAuts
     D:3: 844 daAuts
  Temple: 290 daAuts
